 Dungeon Sprint DCSS version 0.23-a0-180-ga5275e7 (webtiles) character file.

2817 Fang the Cleaver (level 9, -5/97 HPs)
             Began as a Gargoyle Berserker on Sept 18, 2018.
             Was the Champion of Trog.
             Slain by a spriggan rider
             ... wielding a +0 spear
              (11 damage)
             ... in the Dungeon (Sprint V: "Ziggurat Sprint").
             The game lasted 00:03:12 (322 turns).

Fang the Cleaver (Gargoyle Berserker)                Turns: 322, Time: 00:03:13

Health: -5/97      AC: 26    Str: 45    XL:     9   Next: 72%
Magic:  9/9        EV: 12    Int:  7    God:    Trog [******]
Gold:   0          SH:  0    Dex: 11    Spells: 8/8 levels left

rFire    . . .     SeeInvis .   k - +5 executioner's axe (elec)
rCold    . . .     Gourm    .   (shield currently unavailable)
rNeg     + . .     Faith    .   j - +5 shadow dragon scales
rPois    ∞         Spirit   .   (no helmet)
rElec    +         Reflect  .   (no cloak)
rCorr    .         Harm     .   B - +1 pair of gloves {Str+3}
MR       .....     NoTele   +   (no boots)
Stlth    ..........             b - amulet "Xost" {Regen+ Dex+2}
HPRegen  0.66/turn              D - +6 ring of strength
MPRegen  0.11/turn              E - +6 ring of strength

@: berserking, very quick
A: negative energy resistance 1, electricity resistance, unbreathing,
petrification resistance, rot immunity, AC +6
a: Berserk, Trog's Hand, Brothers in Arms, Renounce Religion


You were in the Dungeon.
You worshipped Trog.
Trog was exalted by your worship.
You were very hungry.

You visited 1 branch

Inventory:

Hand Weapons
 a - a +1 hand axe of flaming
 k - a +5 executioner's axe of electrocution (weapon)
 A - a +0 hand axe of freezing
Armour
 j - +5 shadow dragon scales (worn)
 z - the +0 ring mail "Rutabun" {rC++}
   (You found it in the Dungeon)

   It greatly protects you from cold.
 B - a +1 pair of gloves of strength (worn)
Jewellery
 b - the amulet "Xost" (around neck) {Regen+ Dex+2}
   (You found it in the Dungeon)

   [amulet of regeneration]

   It affects your dexterity (+2).
   It increases your rate of regeneration.
 D - a +6 ring of strength (left hand)
 E - a +6 ring of strength (right hand)
Wands
 w - a wand of disintegration (7)
 x - a wand of iceblast (7)
 y - a wand of acid (7)
Scrolls
 i - 4 scrolls of blinking
 l - 7 scrolls of fog
 m - a scroll of holy word
 n - 5 scrolls of identify
 o - 4 scrolls of remove curse
 p - 2 scrolls of fear
Potions
 d - 10 potions of curing
 e - 14 potions of heal wounds
 f - 6 potions of haste
 g - 7 potions of magic
 h - 3 potions of berserk rage
 q - 2 potions of brilliance
 r - 2 potions of invisibility
 s - 4 potions of resistance
 u - 5 potions of agility
 v - 5 potions of might
Comestibles
 c - 7 rations


   Skills:
 + Level 12.1 Fighting
 + Level 14.1 Axes
 + Level 6.9 Armour
 + Level 4.4 Dodging
 + Level 5.2 Stealth


You had 8 spell levels left.
You didn't know any spells.
Your spell library was empty.

Dungeon Overview and Level Annotations

Branches:
Dungeon (1/1)

Altars:
Ashenzari
Cheibriados
Dithmenos
Elyvilon
Fedhas
Gozag
Hepliaklqana
Kikubaaqudgha
Makhleb
Nemelex Xobeh
Okawaru
Qazlal
Ru
Sif Muna
Trog
Uskayaw
Vehumet
Wu Jian
Xom
Yredelemnul
Zin
The Shining One
Beogh
Jiyva
Lugonu

Annotations:
D 1 transporter


Innate Abilities, Weirdness & Mutations

You are resistant to torment.
Your stone body is resilient. (AC +6)
You are immune to poison.
You resist negative energy. (rN+)
You are resistant to electric shocks. (rElec)
You can survive without breathing.
You are immune to petrification.
You are immune to rotting.


Message History

The spriggan rider hits you but does no damage.
You slice the spriggan rider like a ripe choko!!!
Lightning courses through the spriggan rider!
You kill the spriggan rider!
Trog accepts your kill. Something appears at your feet!
Trog grants you a weapon!
You kill the hornet!
Trog accepts your kill.
Your Axes skill increases to level 13!
Your Armour skill increases to level 6!
Your Fighting skill increases to level 12!
Your Axes skill increases to level 14!
You barely miss the wolf. You barely miss the black bear.
The wolf barely misses you.
The black bear bites you but does no damage.
The black bear barely misses you. x2
The spriggan rider hits you but does no damage.
The wolf closely misses you.
The spriggan rider hits you from afar with a spear!
You die...

▓▓▓▓▓▓▓▓▓
▓..8©8..▓
▓...):..▓
▓..|))..▓
▓.......▓
▓.......▓
▓..ii...▓
▓..h)h..▓
▓.▓.@.▓.▓
▓...©...▓
▓▓▓▓▓▓▓▓▓


You could see 2 spriggan riders, a black bear and a wolf.

Vanquished Creatures
  A spriggan (D)
  A hornet (D)
  A yak (D)
  A floating eye (D)
  4 black bears (D)
  3 wolves (D)
  A quasit (D)
  3 orc priests (D)
  An iguana (D)
  An iron imp (D)
  A river rat (D)
  2 shadow imps (D)
  A white imp (D)
  An ufetubus (D)
  2 oozes (D)
  An orc (D)
  2 jackals (D)
27 creatures vanquished.

Notes
Turn   | Place    | Note
-------+----------+-------------------------------------------
     0 | D        | Found the +6 Majin-Bo {vamp, Archmagi MP+6 Int+6}
     0 | D        | Found the +7 great mace "Firestarter" {inner flame, rF++}
     0 | D        | Fang the Gargoyle Berserker began the quest for the Orb.
     0 | D        | Reached XP level 1. HP: 14/14 MP: 1/1
     3 | D        | Found a blossoming altar of Fedhas.
     4 | D        | Found a viscous altar of Jiyva.
     4 | D        | Found a hazy altar of Hepliaklqana.
     4 | D        | Found a transporter.
     4 | D        | Found an opulent altar of Gozag.
     4 | D        | Found an ancient bone altar of Kikubaaqudgha.
     4 | D        | Found a corrupted altar of Lugonu.
    19 | D        | Found a burning altar of Makhleb.
    20 | D        | Found a sacrificial altar of Ru.
    20 | D        | Found a stormy altar of Qazlal.
    20 | D        | Found a deep blue altar of Sif Muna.
    20 | D        | Found an iron altar of Okawaru.
    20 | D        | Found a bloodstained altar of Trog.
    20 | D        | Found a sparkling altar of Nemelex Xobeh.
    70 | D        | Entered arena 2.
    70 | D        | Noticed an iron imp
    70 | D        | Found a transporter.
    74 | D        | Reached skill level 3 in Axes
    74 | D        | Reached XP level 2. HP: 20/20 MP: 2/2
    75 | D        | Reached skill level 5 in Fighting
    75 | D        | Reached skill level 4 in Axes
    75 | D        | Reached XP level 3. HP: 26/26 MP: 3/3
   132 | D        | Entered arena 3.
   132 | D        | Noticed a floating eye
   132 | D        | Found a transporter.
   133 | D        | Found the cursed necklace of Bloodlust {*Rage +Rage MR++
                  | Int-3 Slay+6 *Curse}
   133 | D        | Paralysed by a floating eye for 2 turns
   136 | D        | Killed a floating eye
   136 | D        | Reached ** piety under Trog
   136 | D        | Reached skill level 6 in Axes
   136 | D        | Reached XP level 4. HP: 34/34 MP: 4/4
   136 | D        | Reached XP level 5. HP: 38/38 MP: 5/5
   173 | D        | Entered arena 4.
   173 | D        | Found a transporter.
   176 | D        | Reached *** piety under Trog
   176 | D        | Reached skill level 7 in Axes
   190 | D        | Entered arena 5.
   190 | D        | Found a transporter.
   194 | D        | Reached **** piety under Trog
   194 | D        | Reached XP level 6. HP: 45/45 MP: 6/6
   194 | D        | Reached skill level 8 in Axes
   201 | D        | Got the amulet "Xost" {Regen+ Dex+2}
   203 | D        | Got the cursed +0 ring mail "Rutabun" {rC++}
   248 | D        | Entered arena 6.
   248 | D        | Noticed a yak
   248 | D        | Found a transporter.
   249 | D        | Found the +7 sceptre of Torment
   251 | D        | Reached ***** piety under Trog
   251 | D        | Reached skill level 9 in Axes
   252 | D        | Killed a yak
   252 | D        | Reached skill level 10 in Axes
   252 | D        | Reached XP level 7. HP: 52/52 MP: 7/7
   262 | D        | Entered arena 7.
   263 | D        | Found a transporter.
   267 | D        | Received a gift from Trog
   267 | D        | Reached skill level 10 in Fighting
   268 | D        | Reached skill level 11 in Axes
   268 | D        | Reached skill level 5 in Armour
   270 | D        | Received a gift from Trog
   272 | D        | Reached skill level 12 in Axes
   272 | D        | Reached XP level 8. HP: 46/58 MP: 8/8
   312 | D        | Reached skill level 5 in Stealth
   312 | D        | Reached XP level 9. HP: 64/64 MP: 9/9
   315 | D        | Entered arena 8.
   315 | D        | Noticed a spriggan rider
   315 | D        | Noticed a spriggan rider
   315 | D        | Noticed a spriggan rider
   317 | D        | Found a transporter.
   322 | D        | Killed a spriggan rider
   322 | D        | Received a gift from Trog
   322 | D        | Reached ****** piety under Trog
   322 | D        | Killed a hornet
   322 | D        | Reached skill level 13 in Axes
   322 | D        | Reached skill level 14 in Axes
   322 | D        | Slain by a spriggan rider

Vault maps used:
D:        sprint_v

Skill      XL: |  1  2  3  4  5  6  7  8  9 |
---------------+----------------------------+-----
Fighting       | 4 5 7 8 9 10 11 12 | 12.1
Axes           | 3 4 6 7 10 12 14 | 14.1
Dodging        | 2 3 4 |  4.4
Armour         | 3 4 5 6 |  6.9
Stealth        | 5 |  5.2

Action                   |  1- 3 |  4- 6 |  7- 9 || total
-------------------------+-------+-------+-------++-------
Melee: Executioner's axe |     4 |    14 |    16 ||    34
Invok: Berserk           |     2 |       |     1 ||     3
  Use: Scroll            |       |     2 |       ||     2
       Potion            |       |       |     1 ||     1
Armor: Shadow dragon sca |     2 |    22 |    41 ||    65
Dodge: Dodged            |       |    13 |    33 ||    46

Table legend:
 A = Non-vault XP
 B = Vault XP
 C = Vault XP percentage of total XP
 D = Non-vault monster count
 E = Vault monster count
 F = Vault count percentage of total count
                 A         B        C        D         E       F
            +---------+---------+-------+---------+---------+-------
      Total |     302 |    2350 |  88.6 |       1 |      26 |  96.3
            +---------+---------+-------+---------+---------+-------
          D |     302 |    2350 |  88.6 |       1 |      26 |  96.3
            +---------+---------+-------+---------+---------+-------
